 Dungeon Crawl Stone Soup version 0.20.1-1-g8b1a95d (webtiles) character file.

7 Phantomfrettchen the Insei (level 2, -12/18 HPs)
             Began as an Octopode Transmuter on Oct 7, 2017.
             Killed from afar by a goblin (28 damage)
             ... with an exploding inner flame
             ... hexed by the player character
             ... on level 1 of the Dungeon.
             The game lasted 00:01:10 (217 turns).

Phantomfrettchen the Insei (Octopode Transmuter)     Turns: 217, Time: 00:01:11

Health: -12/18     AC:  1    Str:  9    XL:     2   Next: 0%
Magic:  5/5        EV: 13    Int: 15    God:
Gold:   27         SH:  0    Dex: 12    Spells: 4/5 levels left

rFire    . . .     SeeInvis .     - Unarmed
rCold    . . .     Gourm    .   (no shield)
rNeg     . . .     Faith    .   (helmet restricted)
rPois    .         Spirit   .   o - amulet of inaccuracy (curse)
rElec    .         Reflect  .   (no ring)
rCorr    .         Harm     .   (no ring)
MR       .....                  (no ring)
Stlth    ++........             (no ring)
Regen    0.1/turn               (no ring)
MPRegen  0.1/turn               (no ring)
                                (no ring)
                                (no ring)

@: no status effects
A: almost no armour, stealthy swim, amphibious, 8 rings, constrict 8, camouflage
1, gelatinous body 1
a: no special abilities


You were on level 1 of the Dungeon.
You were not hungry.

You visited 1 branch of the dungeon, and saw 1 of its levels.

You collected 27 gold pieces.

Inventory:

Missiles
 a - 12 arrows
 i - 27 stones (quivered)
 k - 14 sling bullets
Jewellery
 o - a cursed amulet of inaccuracy (around mantle)
Potions
 d - 2 potions of cancellation
 j - a potion of agility {unknown}
 m - a potion of magic {unknown}
Books
 b - a book of Changes

   Spells                             Type                      Level
   a - Beastly Appendage              Transmutation                1
   b - Sticks to Snakes               Transmutation                2
   c - Spider Form                    Transmutation/Poison         3
   d - Ice Form                       Ice/Transmutation            4
   e - Blade Hands                    Transmutation                5
Comestibles
 c - a bread ration
 f - a royal jelly
 g - 5 chunks of flesh
 h - a meat ration


   Skills:
 + Level 1.0 Fighting
 + Level 2.2 Dodging
 + Level 3.2 Unarmed Combat
 + Level 2.0 Spellcasting
 + Level 2.1 Transmutations


You had 4 spell levels left.
You knew the following spells:

 Your Spells              Type           Power        Failure   Level  Hunger
a - Beastly Appendage     Tmut           #.....       10%         1    #......


Dungeon Overview and Level Annotations

Branches:
Dungeon (1/15)

Altars:


Innate Abilities, Weirdness & Mutations

You cannot wear most types of armour.
You are very stealthy in the water. (Stealth+)
You are amphibious.
You can wear up to eight rings at the same time.
You can use your tentacles to constrict eight enemies at once.
Your skin changes colour to match your surroundings (Stealth+).
Your rubbery body absorbs attacks. (AC +1, EV +1)


Message History

As you read the scroll labeled FAKKOKL HAYP, it crumbles to dust.
It is a scroll of identify.
d - 2 potions of cancellation Throwing (i - inventory):
i - 29 stones (quivered)
Press: ? - help, Shift-Dir - straight line, f - goblin
Aim: a goblin (inner flame)
You throw a stone. The stone closely misses the goblin.
Throwing (i - inventory):
i - 28 stones (quivered)
Press: ? - help, Shift-Dir - straight line, f/p - goblin
Aim: a goblin (inner flame)
You throw a stone. The stone barely misses the goblin.
You barely miss the goblin. Your grab misses the goblin.
The goblin closely misses you.
You closely miss the goblin. You grab the goblin. You constrict the goblin.
The goblin barely misses you.
You tentacle-slap the goblin. You squeeze the goblin.
The goblin explodes!
The fiery explosion engulfs you!
Ouch! That really hurt!
You die...

.....# .....# ......
####..... #......# ..... #.#
#..# ###.####@§# .....)§§§#
##.####§## .# #..###.# #.#
### #....#.# #.# #.#
#......###.# #.#
#..........###.########
#+#.......(......g........#
##.######..................#


There were no monsters in sight!

Vanquished Creatures
  A bat (D:1)
  A giant cockroach (D:1)
  A goblin (D:1)
  A hobgoblin (D:1)
  A ball python (D:1)
  A frilled lizard (D:1)
6 creatures vanquished.

Notes
Turn   | Place    | Note
-------+----------+-------------------------------------------
     0 | D:1      | Phantomfrettchen the Octopode Transmuter began the quest for the Orb.
     0 | D:1      | Reached XP level 1. HP: 13/13 MP: 3/3
   170 | D:1      | Reached XP level 2. HP: 13/18 MP: 3/5
   217 | D:1      | Killed from afar by a goblin

Action                   || total
-------------------------++-------
Melee: Unarmed           ||    18
       Constrict         ||     4
       Punch             ||     2
       Tentacles         ||     2
Throw: Stone             ||     2
 Cast: Beastly Appendage ||     2
  Use: Scroll            ||     3
Armor: Skin              ||     5
Dodge: Dodged            ||    10
